PUB
TORONTO BLUE JAYS @ ATLANTIC CITY ACES
05/23/1972
 
TOP OF THE 1ST
Toronto Blue Jays batting - Pitching for Atlantic City Aces : RHP Derrick Davis
Pitching: RHP Derrick Davis
Batting: RHB Waylon Castro 0-0: Called Strike
0-1: Ball
1-1: Called Strike
1-2: Fly out, F9 (Flyball, 9LM, EV 84.4 MPH)
Batting: RHB Michael McKee 0-0: Called Strike
0-1: DOUBLE (Flyball, 89D, EV 111.9 MPH)
Batting: LHB Robert Beauregard 0-0: Called Strike
0-1: Ball
1-1: Ball
2-1: Ball
3-1: Foul Ball, location: 2F
3-2: Foul Ball, location: 5FF
3-2: DOUBLE (Flyball, 78XD, EV 95.0 MPH)
Michael McKee scores
Batting: RHB Danny Britt 0-0: Ball
1-0: Ball
2-0: Ball
3-0: Base on Balls
Batting: LHB Edgar Ledesma 0-0: Fielders Choice at 2nd, 3-6 (Groundball, 34, EV 103.1 MPH)
Robert Beauregard to third
Batting: RHB Amos Otis 0-0: Called Strike
0-1: Foul Ball, location: 2F
0-2: Ball
Edgar Ledesma steals 2nd base
1-2: Ball
2-2: Ball
3-2: SINGLE (Line Drive, 3D, EV 95.6 MPH)
Robert Beauregard scores
Edgar Ledesma to third
Runner from 3rd tries for Home, SAFE, throw by RF to home
Batting: RHB Jim Fregosi 0-0: Ball
1-0: Ball
2-0: Ground out 5-3 (Groundball, 5, EV 86.3 MPH)
Top of the 1st over - 3 runs, 3 hits, 0 errors, 1 left on base; Toronto 3 - Atlantic City 0
BOTTOM OF THE 1ST
Atlantic City Aces batting - Pitching for Toronto Blue Jays : RHP Jesús Núñez
Pitching: RHP Jesús Núñez
Batting: RHB Carroll Hilliard 0-0: Swinging Strike
0-1: Swinging Strike
0-2: Ball
1-2: Strikes out swinging
Batting: RHB Roy Foster 0-0: Foul Ball, location: 9LSF
0-1: Ball
1-1: Swinging Strike
1-2: Strikes out swinging
Batting: LHB Thurman Hoffman 0-0: Called Strike
0-1: Swinging Strike
0-2: Fly out, F9 (Flyball, 9D, EV 108.1 MPH)
Bottom of the 1st over - 0 runs, 0 hits, 0 errors, 0 left on base; Toronto 3 - Atlantic City 0
TOP OF THE 2ND
Toronto Blue Jays batting - Pitching for Atlantic City Aces : RHP Derrick Davis
Batting: RHB Howard Brown 0-0: Called Strike
0-1: Ground out 6-3 (Groundball, P, EV 93.1 MPH)
Batting: RHB Jesús Núñez 0-0: Called Strike
0-1: Ball
1-1: Swinging Strike
1-2: SINGLE (Groundball, 4MD, EV 102.5 MPH)
Batting: RHB Waylon Castro 0-0: Ball
1-0: Foul Ball, location: 9LMF
1-1: Ball
2-1: Foul Ball, location: 25F
2-2: Ball
3-2: Strikes out swinging
Batting: RHB Michael McKee 0-0: Called Strike
0-1: Swinging Strike
0-2: 2-RUN HOME RUN (Flyball, 78XD, EV 97.5 MPH), Distance : 391 ft
Batting: LHB Robert Beauregard 0-0: Foul Ball, location: 2F
0-1: Ball
1-1: Ball
2-1: Foul Ball, location: 2F
2-2: Strikes out swinging
Top of the 2nd over - 2 runs, 2 hits, 0 errors, 0 left on base; Toronto 5 - Atlantic City 0
BOTTOM OF THE 2ND
Atlantic City Aces batting - Pitching for Toronto Blue Jays : RHP Jesús Núñez
Batting: LHB Petter Bhatti 0-0: Foul Ball, location: 2F
0-1: Ball
1-1: Ball
2-1: Foul Ball, location: 3DF
2-2: Foul Ball, location: 5SF
2-2: Fly out, F8 (Flyball, 8LXD, EV 94.4 MPH)
Batting: SHB Munoto Jouda 0-0: Swinging Strike
0-1: Ball
1-1: Ball
2-1: SINGLE (Line Drive, 7S, EV 95.0 MPH)
Batting: RHB Jack Powers 0-0: Ball
1-0: Foul Ball, location: 25F
1-1: Foul Ball, location: 2F
1-2: Ball
2-2: Grounds into double play, 6-4-3 (Groundball, 6, EV 83.1 MPH)
Bottom of the 2nd over - 0 runs, 1 hit, 0 errors, 0 left on base; Toronto 5 - Atlantic City 0
TOP OF THE 3RD
Toronto Blue Jays batting - Pitching for Atlantic City Aces : RHP Derrick Davis
Batting: RHB Danny Britt 0-0: Ball
1-0: Fly out, F8 (Flyball, 8LD, EV 89.4 MPH)
Batting: LHB Edgar Ledesma 0-0: SINGLE (Line Drive, 6D, EV 110.6 MPH)
Batting: RHB Amos Otis 0-0: Called Strike
0-1: Foul Ball, location: 2F
0-2: SINGLE (Line Drive, 34, EV 105.0 MPH)
Edgar Ledesma to second
Batting: RHB Jim Fregosi 0-0: Foul Ball, location: 2F
0-1: Fly out, F7 (Line Drive, 78M, EV 91.9 MPH)
Batting: RHB Howard Brown 0-0: Ball
1-0: SINGLE (Groundball, 3S, EV 67.5 MPH) (infield hit)
Edgar Ledesma to third
Amos Otis to second
Batting: RHB Jesús Núñez 0-0: Ball
1-0: Foul Ball, location: 3FF
1-1: Ball
2-1: SINGLE (Popup, 3D, EV 70.0 MPH)
Edgar Ledesma scores
Amos Otis to third
Howard Brown to second
Runner from 3rd tries for Home, SAFE, throw by 1B to home
Pitching: RHP Kip Kelley
Batting: RHB Waylon Castro 0-0: Ball
1-0: Swinging Strike
1-1: Ball
2-1: Foul Ball, location: 9LDF
2-2: Ball
3-2: Base on Balls
Howard Brown to third
Jesús Núñez to second
Batting: RHB Michael McKee 0-0: Ball
1-0: Called Strike
1-1: Ball
2-1: Ball
3-1: Foul Ball, location: 2F
3-2: Strikes out swinging
Top of the 3rd over - 2 runs, 4 hits, 0 errors, 3 left on base; Toronto 7 - Atlantic City 0
BOTTOM OF THE 3RD
Atlantic City Aces batting - Pitching for Toronto Blue Jays : RHP Jesús Núñez
Batting: SHB Jorge González 0-0: Ball
1-0: DOUBLE (Flyball, 89D, EV 93.8 MPH)
Pinch Runner at 2nd Darrell Nestor:
Batting: RHB Kazuyuki Fujihara 0-0: Called Strike
0-1: Ball
1-1: Foul Ball, location: 25F
1-2: Ball
2-2: DOUBLE (Line Drive, 9LD, EV 99.4 MPH)
Darrell Nestor scores
Batting: RHB Kip Kelley 0-0: Ball
1-0: Ball
2-0: Sac Bunt to 2R - play at first, batter OUT! 2-4
Kazuyuki Fujihara to third
Batting: RHB Carroll Hilliard 0-0: Ball
1-0: DOUBLE (Flyball, 78XD, EV 107.5 MPH)
Kazuyuki Fujihara scores
Batting: RHB Roy Foster 0-0: Swinging Strike
0-1: Ball
1-1: Foul Ball, location: 5F
1-2: Ball
2-2: Foul Ball, location: 7LSF
2-2: Strikes out swinging
Batting: LHB Thurman Hoffman 0-0: Ball
1-0: Ball
2-0: Ball
3-0: Called Strike
3-1: Fly out, F6 (Popup, 6, EV 69.4 MPH)
Bottom of the 3rd over - 2 runs, 3 hits, 0 errors, 1 left on base; Toronto 7 - Atlantic City 2
TOP OF THE 4TH
Toronto Blue Jays batting - Pitching for Atlantic City Aces : RHP Kip Kelley
Now at 3B: Darrell Nestor
Batting: LHB Robert Beauregard 0-0: Called Strike
0-1: Ball
1-1: SINGLE (Line Drive, 7S, EV 109.4 MPH)
Batting: RHB Danny Britt 0-0: Ball
1-0: Ball
2-0: Called Strike
2-1: Ball
3-1: Foul Ball, location: 2F
3-2: Base on Balls
Robert Beauregard to second
Batting: LHB Edgar Ledesma 0-0: Ball
1-0: Foul Ball, location: 9LMF
1-1: Foul Ball, location: 7LSF
1-2: Ball
2-2: Strikes out swinging
Batting: RHB Amos Otis 0-0: Called Strike
0-1: Ball
1-1: SINGLE (Line Drive, 34D, EV 103.1 MPH)
Robert Beauregard to third
Danny Britt to second
Batting: RHB Jim Fregosi 0-0: Ball
1-0: Swinging Strike
1-1: SINGLE (Groundball, 6MS, EV 70.0 MPH) (infield hit)
Robert Beauregard scores
Danny Britt to third
Amos Otis to second
Batting: RHB Howard Brown 0-0: Grounds into double play, 5-4-3 (Groundball, 56, EV 98.1 MPH)
Top of the 4th over - 1 run, 3 hits, 0 errors, 2 left on base; Toronto 8 - Atlantic City 2
BOTTOM OF THE 4TH
Atlantic City Aces batting - Pitching for Toronto Blue Jays : RHP Jesús Núñez
Batting: LHB Petter Bhatti 0-0: Ball
1-0: Ground out 4-3 (Groundball, 4, EV 84.4 MPH)
Batting: SHB Munoto Jouda 0-0: Ball
1-0: Ball
2-0: Ball
3-0: Base on Balls
Batting: RHB Jack Powers 0-0: Ground out 5-3 (Groundball, 5S, EV 70.6 MPH)
Munoto Jouda to second
Batting: RHB Darrell Nestor 0-0: Ground out 6-3 (Groundball, 6M, EV 86.9 MPH)
Bottom of the 4th over - 0 runs, 0 hits, 0 errors, 1 left on base; Toronto 8 - Atlantic City 2
TOP OF THE 5TH
Toronto Blue Jays batting - Pitching for Atlantic City Aces : RHP Kip Kelley
Batting: RHB Jesús Núñez 0-0: Foul Ball, location: 2F
0-1: Ground out 6-3 (Groundball, 6, EV 86.9 MPH)
Batting: RHB Waylon Castro 0-0: Hit by Pitch
Batting: RHB Michael McKee 0-0: Called Strike
Waylon Castro steals 2nd base
0-1: Ball
1-1: Ball
2-1: Foul Ball, location: 9LSF
2-2: Foul Ball, location: 5FF
2-2: Strikes out swinging
Batting: LHB Robert Beauregard 0-0: Ball
1-0: Foul Ball, location: 2F
1-1: Foul Ball, location: 2F
1-2: Ball
2-2: Foul Ball, location: 2F
2-2: Foul Ball, location: 2F
2-2: Fly out, F7 (Flyball, 7S, EV 85.0 MPH)
Top of the 5th over - 0 runs, 0 hits, 0 errors, 1 left on base; Toronto 8 - Atlantic City 2
BOTTOM OF THE 5TH
Atlantic City Aces batting - Pitching for Toronto Blue Jays : RHP Jesús Núñez
Batting: RHB Kazuyuki Fujihara 0-0: Fly out, F5 (Popup, 25F, EV 89.4 MPH)
Batting: RHB Kip Kelley 0-0: Ground out 6-3 (Groundball, 6, EV 81.9 MPH)
Batting: RHB Carroll Hilliard 0-0: Ball
1-0: Swinging Strike
1-1: Ball
2-1: Ground out 5-3 (Groundball, 5, EV 78.1 MPH)
Bottom of the 5th over - 0 runs, 0 hits, 0 errors, 0 left on base; Toronto 8 - Atlantic City 2
TOP OF THE 6TH
Toronto Blue Jays batting - Pitching for Atlantic City Aces : RHP Kip Kelley
Pitching: RHP Joe Were
Batting: RHB Danny Britt 0-0: SINGLE (Groundball, 34D, EV 96.9 MPH)
Batting: LHB Edgar Ledesma 0-0: Called Strike
0-1: Ground out 4-3 (Groundball, 34, EV 92.5 MPH)
Danny Britt to second
Batting: RHB Amos Otis 0-0: Ball
1-0: Ground out 5-3 (Groundball, 5S, EV 88.1 MPH)
Batting: RHB Jim Fregosi 0-0: Called Strike
0-1: Ball
1-1: Called Strike
1-2: Fly out, F8 (Flyball, 78D, EV 96.9 MPH)
Top of the 6th over - 0 runs, 1 hit, 0 errors, 1 left on base; Toronto 8 - Atlantic City 2
BOTTOM OF THE 6TH
Atlantic City Aces batting - Pitching for Toronto Blue Jays : RHP Jesús Núñez
Batting: RHB Roy Foster 0-0: Swinging Strike
0-1: Ball
1-1: Ball
2-1: Ball
3-1: Called Strike
3-2: Base on Balls
Batting: LHB Thurman Hoffman 0-0: Ball
1-0: Swinging Strike
1-1: Ball
2-1: Called Strike
2-2: Fly out, F6 (Popup, 6M, EV 78.1 MPH)
Batting: LHB Petter Bhatti 0-0: Ball
1-0: Ball
2-0: SINGLE (Flyball, 6D, EV 95.6 MPH)
Roy Foster to second
Batting: SHB Munoto Jouda 0-0: Ball
1-0: Swinging Strike
1-1: Grounds into double play, 4-6-3 (Groundball, 4, EV 88.1 MPH)
Bottom of the 6th over - 0 runs, 1 hit, 0 errors, 1 left on base; Toronto 8 - Atlantic City 2
TOP OF THE 7TH
Toronto Blue Jays batting - Pitching for Atlantic City Aces : RHP Joe Were
Batting: RHB Howard Brown 0-0: Ground out U3 (Groundball, 34, EV 87.5 MPH)
Batting: RHB Jesús Núñez 0-0: SINGLE (Flyball, 3D, EV 90.0 MPH)
Batting: RHB Waylon Castro 0-0: Foul Ball, location: 2LF
0-1: Fly out, F6 (Line Drive, 6M, EV 70.0 MPH)
Batting: RHB Michael McKee 0-0: Called Strike
0-1: Foul Ball, location: 9LDF
0-2: Ball
1-2: Foul Ball, location: 2F
1-2: Ball
2-2: Fly out, F7 (Flyball, 7, EV 72.5 MPH)
Top of the 7th over - 0 runs, 1 hit, 0 errors, 1 left on base; Toronto 8 - Atlantic City 2
BOTTOM OF THE 7TH
Atlantic City Aces batting - Pitching for Toronto Blue Jays : RHP Jesús Núñez
Batting: RHB Jack Powers 0-0: Foul Ball, location: 9LMF
0-1: Ball
1-1: Called Strike
1-2: Strikes out swinging
Batting: RHB Darrell Nestor 0-0: Called Strike
0-1: Ball
1-1: Fly out, F9 (Flyball, 9D, EV 103.1 MPH)
Batting: RHB Kazuyuki Fujihara 0-0: Ball
1-0: Ball
2-0: Foul Ball, location: 9LSF
2-1: Foul Ball, location: 2F
2-2: Strikes out swinging
Bottom of the 7th over - 0 runs, 0 hits, 0 errors, 0 left on base; Toronto 8 - Atlantic City 2
TOP OF THE 8TH
Toronto Blue Jays batting - Pitching for Atlantic City Aces : RHP Joe Were
Batting: LHB Robert Beauregard 0-0: Ball
1-0: Called Strike
1-1: Ball
2-1: Ball
3-1: Fly out, F7 (Flyball, 78M, EV 91.3 MPH)
Batting: RHB Danny Britt 0-0: Swinging Strike
0-1: Ball
1-1: Foul Ball, location: 2F
1-2: Strikes out swinging
Batting: LHB Edgar Ledesma 0-0: Foul Ball, location: 2F
0-1: Called Strike
0-2: Ball
1-2: Ball
2-2: Strikes out looking
Top of the 8th over - 0 runs, 0 hits, 0 errors, 0 left on base; Toronto 8 - Atlantic City 2
BOTTOM OF THE 8TH
Atlantic City Aces batting - Pitching for Toronto Blue Jays : RHP Jesús Núñez
Pinch Hitting: SHB Chris Martin 0-0: Ball
1-0: Ball
2-0: Fly out, F4 (Popup, 23, EV 85.0 MPH)
Batting: RHB Carroll Hilliard 0-0: Called Strike
0-1: Ball
1-1: Ball
2-1: Ball
3-1: Swinging Strike
3-2: Base on Balls
Batting: RHB Roy Foster 0-0: Called Strike
0-1: Foul Ball, location: 25F
0-2: Foul Ball, location: 23F
0-2: Ball
1-2: Foul Ball, location: 5SF
1-2: Ball
2-2: Fielders Choice at 2nd, 3-6 (Groundball, 34S, EV 89.4 MPH)
Batting: LHB Thurman Hoffman 0-0: Ball
1-0: Ball
2-0: Called Strike
2-1: Ball
3-1: Base on Balls
Roy Foster to second
Pitching: LHP Al Downing
Batting: LHB Petter Bhatti 0-0: Ball
1-0: Foul Ball, location: 2F
1-1: Swinging Strike
1-2: Ground out 6-3 (Groundball, 6M, EV 83.1 MPH)
Bottom of the 8th over - 0 runs, 0 hits, 0 errors, 2 left on base; Toronto 8 - Atlantic City 2
TOP OF THE 9TH
Toronto Blue Jays batting - Pitching for Atlantic City Aces : RHP Joe Were
Pitching: RHP Brenton Miller
Batting: RHB Amos Otis 0-0: Ball
1-0: SINGLE (Groundball, 34D, EV 97.5 MPH)
Batting: RHB Jim Fregosi 0-0: Called Strike
Pickoff Play to 1st, Runner tries for 2nd, OUT after rundown.
0-1: Swinging Strike
0-2: Ball
1-2: Strikes out swinging
Batting: RHB Howard Brown 0-0: Ball
1-0: Ball
2-0: Called Strike
2-1: Ball
3-1: Ground out 5-3 (Groundball, 5, EV 105.6 MPH)
Top of the 9th over - 0 runs, 1 hit, 0 errors, 0 left on base; Toronto 8 - Atlantic City 2
BOTTOM OF THE 9TH
Atlantic City Aces batting - Pitching for Toronto Blue Jays : LHP Al Downing
Now at 1B: Walt Bates
Now at 2B: Steve Craig
Batting: SHB Munoto Jouda 0-0: Foul Ball, location: 2F
0-1: Foul Ball, location: 2F
0-2: Ball
1-2: Ball
2-2: Foul Ball, location: 23F
2-2: Strikes out looking
Batting: RHB Jack Powers 0-0: Fly out, F8 (Flyball, 8LM, EV 101.3 MPH)
Batting: RHB Darrell Nestor 0-0: Ball
1-0: Ball
2-0: Foul Ball, location: 2F
2-1: Foul Ball, location: 2F
2-2: Ball
3-2: Fly out, F9 (Flyball, 9S, EV 93.1 MPH)
Bottom of the 9th over - 0 runs, 0 hits, 0 errors, 0 left on base; Toronto 8 - Atlantic City 2
Tuesday, March 19th , 2024 - OOTP Baseball 24.8 Build 75